 Dungeon Crawl Stone Soup version 0.24-a0-537-g2d01d4a (webtiles) character file.

Game seed: 8190293372060989790

31 BeowulfAlex the Insei (level 3, 0/23 HPs)
             Began as an Octopode Transmuter on Aug 14, 2019.
             Succumbed to an adder's poison
             ... on level 1 of the Dungeon.
             The game lasted 00:03:57 (767 turns).

BeowulfAlex the Insei (Octopode Transmuter)          Turns: 767, Time: 00:03:58

Health: 0/23       AC:  1    Str: 10    XL:     3   Next: 22%
Magic:  5/6        EV: 13    Int: 15    God:
Gold:   38         SH:  0    Dex: 12    Spells: 3/6 levels left

rFire    . . .     SeeInvis .     - Unarmed
rCold    . . .     Gourm    .   (no shield)
rNeg     . . .     Faith    .   (helmet restricted)
rPois    .         Spirit   .   (no amulet)
rElec    .         Reflect  .   (no ring)
rCorr    .         Harm     .   (no ring)
MR       .....                  (no ring)
Stlth    ++........             (no ring)
HPRegen  0.07/turn              (no ring)
MPRegen  0.10/turn              (no ring)
                                (no ring)
                                (no ring)

@: lethally poisoned (0 -> -6), berserk cooldown
A: almost no armour, stealthy swim, amphibious, 8 rings, constrict 8, camouflage
1, gelatinous body 1
a: no special abilities


You were on level 1 of the Dungeon.
You were not hungry.

You visited 1 branch of the dungeon, and saw 2 of its levels.

You collected 38 gold pieces.

Inventory:

Hand Weapons
 k - a +1 short sword of holy wrath
Missiles
 a - 12 arrows
 l - 4 stones (quivered)
Scrolls
 f - a scroll of teleportation
 g - a scroll of blinking
 h - a scroll of identify
Potions
 b - a potion of agility
Comestibles
 c - a ration
 d - 2 chunks of flesh


   Skills:
 * Level 1.5 Fighting
 + Level 2.1 Dodging
 * Level 3.6 Unarmed Combat
 - Level 2.0 Spellcasting
 * Level 2.4 Transmutations


You had 3 spell levels left.
You knew the following spells:

 Your Spells              Type           Power        Failure   Level  Hunger
a - Beastly Appendage     Tmut           #.....       9%          1    #......
b - Sticks to Snakes      Tmut           #.......     12%         2    ###....

Your spell library contained the following spells:

 Spells                   Type           Power        Failure   Level  Hunger
 Spider Form              Tmut/Pois      #.........   38%         3    ###....
 Ice Form                 Ice/Tmut       #.......     80%         4    #####..
 Blade Hands              Tmut           #.........   92%         5    ######.


Dungeon Overview and Level Annotations

Branches:
Dungeon (2/15)

Altars:

Annotations:
D:2 Natasha


Innate Abilities, Weirdness & Mutations

You cannot wear most types of armour.
You are very stealthy in the water. (Stealth+)
You are amphibious.
You can wear up to eight rings at the same time.
You can use your tentacles to constrict eight enemies at once.
Your skin changes colour to match your surroundings (Stealth+).
Your rubbery body absorbs attacks. (AC +1, EV +1)


Message History

* * * LOW HITPOINT WARNING * * *
You feel sick.
It was a potion of cancellation.
Your magical effects are unravelling.
You feel magically purged.
Your tentacle spike disappears.
You feel yourself speed up.
You feel a little less agile now.
Okay, then.
As you read the scroll labeled ULUNWEP PIAWAE, it crumbles to dust.
You feel strangely unstable.
It was a scroll of teleportation.
* * * LOW HITPOINT WARNING * * *
You feel sick.
As you read the scroll labeled YTUDILAUTT, it crumbles to dust.
It is a scroll of identify.
g - a scroll of blinking
As you read the scroll labeled WIURIE RIUDINU, it crumbles to dust.
It is a scroll of enchant armour.
You aren't carrying any armour which can be enchanted further.
Your surroundings suddenly seem different.
You die...

#.# #.....# #)# #.....# #.#
######.######## #.#
#.............###### ###### ..#
#.#####.####.......# #.....
#.####.# #...####..####.# #.####
#......# #.#.........##.####.####
#รท######
#...####..#...........## ...#
###.....@..####.####.#.## ...#
#..........####.# #.#.## ...#
#.#.#.###.......####..... ...#
#......###########......#
...######...#..### #.###.[#
.................#########.###..#
...#####.......#.##.....##.#....#
...............#.##.....##.#.##.#
...............#........##.#.##.#


There were no monsters in sight!

Vanquished Creatures
  An adder (D:1)
  A dart slug (D:2)
  3 goblins (D:1)
  3 hobgoblins (D:1)
  2 kobolds (D:1)
  3 bats (D:1)
  4 frilled lizards (D:1)
  3 rats (D:1)
20 creatures vanquished.

Notes
Turn   | Place    | Note
-------+----------+-------------------------------------------
     0 | D:1      | BeowulfAlex the Octopode Transmuter began the quest for the
                  | Orb.
     0 | D:1      | Reached XP level 1. HP: 13/13 MP: 3/3
   146 | D:1      | Reached XP level 2. HP: 18/18 MP: 3/5
   191 | D:1      | Learned a level 2 spell: Sticks to Snakes
   749 | D:2      | Noticed Natasha
   759 | D:1      | Reached XP level 3. HP: 4/23 MP: 4/6
   765 | D:1      | HP: 1/23 [poisoned by an adder]
   767 | D:1      | Succumbed to an adder's poison

Levels and vault maps discovered:
D:1:      dpeg_arrival_renting, layout_loops_cross
D:2:      layout_rooms, st_stairs_9, uniq_terence, uniq_natasha, uniq_robin

Action                   || total
-------------------------++-------
Melee: Unarmed           ||    41
       Constrict         ||    16
       Tentacles         ||     5
       Kick              ||     6
Throw: Stone             ||     1
 Cast: Beastly Appendage ||    11
  Use: Potion            ||     3
       Scroll            ||     3
 Stab: Sleeping          ||     2
Armor: Skin              ||     4
Dodge: Dodged            ||    29

Table legend:
 A = Non-vault XP
 B = Vault XP
 C = Vault XP percentage of total XP
 D = Non-vault monster count
 E = Vault monster count
 F = Vault count percentage of total count
                 A         B        C        D         E       F
            +---------+---------+-------+---------+---------+-------
      Total |      41 |       4 |   8.9 |      19 |       1 |   5.0
            +---------+---------+-------+---------+---------+-------
        D:1 |      41 |       0 |   0.0 |      19 |       0 |   0.0
        D:2 |       0 |       4 | 100.0 |       0 |       1 | 100.0
            +---------+---------+-------+---------+---------+-------
